 Dungeon Crawl Stone Soup version 0.31-a0-222-gefeffbb62a (webtiles) character file.

Game seed: 6686907860988944623

140 BritishOli the Trooper (level 5, -1/42 HPs)
             Began as a Demonspawn Fighter on Apr 11, 2023.
             Slain by Duvessa
             ... wielding a +0 short sword
              (9 damage)
             ... on level 4 of the Dungeon on July 5, 2023.
             The game lasted 00:04:16 (2333 turns).

BritishOli the Trooper (Demonspawn Fighter)         Turns: 2333, Time: 00:04:16

Health: -1/42      AC:  8    Str: 18    XL:     5   Next: 2%
Magic:  5/5        EV: 14    Int: 10    God:
Gold:   165        SH:  4    Dex: 12    Spells: 4/4 levels left

rFire   . . .        a - +0 war axe
rCold   . . .        c - +0 buckler
rNeg    . . .        b - +0 scale mail
rPois   .            (no helmet)
rElec   .            t - +0 cloak
rCorr   .            (no gloves)
SInv    +            (no boots)
Will    .....        (no amulet) Stlth
                     m - +5 ring of evasion
HPRegen 0.27/turn    w - ring of see invisible
MPRegen 0.18/turn

%: no passive effects
@: mighty
A: powered by death 1, magic regeneration
a: no special abilities


You were on level 4 of the Dungeon.
You visited 1 branch of the dungeon, and saw 4 of its levels.

You collected 165 gold pieces.

Inventory:

Hand Weapons
 a - a +0 war axe (weapon)
 y - the +8 dagger of Severance {venom, Fragile rC++ rCorr SInv}
   (You found it on level 3 of the Dungeon)

   rC:        It greatly protects you from cold.
   SInv:      It lets you see invisible.
   rCorr:     It protects you from acid and corrosion.
   Fragile:   It will be destroyed if unequipped.
Armour
 b - a +0 scale mail (worn)
 c - a +0 buckler (worn)
 t - a +0 cloak (worn)
Jewellery
 j - an amulet of magic regeneration
 m - a +5 ring of evasion (left hand)
 o - a ring of magical power
 w - a ring of see invisible (right hand)
Scrolls
 e - 2 scrolls of teleportation {unknown}
 f - 2 scrolls of identify {unknown}
 g - 2 scrolls of brand weapon {unknown}
 h - 2 scrolls of noise {unknown}
 i - a scroll of fog {unknown}
 k - a scroll of blinking {unknown}
 l - 2 scrolls of revelation {unknown}
 q - a scroll of enchant armour {unknown}
 s - a scroll of enchant weapon {unknown}
 x - a scroll of acquirement {unknown}
 A - a scroll of fear {unknown}
Potions
 d - a potion of might
 n - a potion of magic {unknown}
 p - a potion of attraction {unknown}
 r - a potion of degeneration {unknown}
 u - 2 potions of curing {unknown}
 v - 2 potions of invisibility
 z - a potion of heal wounds {unknown}
 B - a potion of ambrosia {unknown}
 C - a potion of brilliance {unknown}


   Skills:
 + Level 3.8 Fighting
 + Level 2.8 Axes
 + Level 3.4 Armour
 + Level 3.4 Shields


You had 4 spell levels left.
You didn't know any spells.
Your spell library was empty.

Dungeon Overview and Level Annotations

Branches:
Dungeon (4/15)
 Temple: D:4-7

Altars:

Annotations:
D:1 1 transporter
D:4 Dowan, Duvessa


Innate Abilities, Weirdness & Mutations

You regenerate a little health from kills.
You regenerate magic rapidly.


Message History

You barely miss Duvessa.
Duvessa is moderately wounded.
Duvessa says, "Where magic fails, the sword succeeds!"
You block Duvessa's attack.
Duvessa says, "Where magic fails, the sword succeeds!"
Duvessa hits you but does no damage.
You hit Duvessa but do no damage.
Duvessa is moderately wounded.
Duvessa barely misses you. Duvessa hits you with a +0 short sword.
You are too injured to fight recklessly!
You are too injured to fight recklessly!
You aren't carrying any items that you can evoke.
Sorry, you're not good enough to have a special ability.
Unknown command.
Sorry, you're not good enough to have a special ability.
You hit Duvessa but do no damage.
Duvessa is moderately wounded.
You block Duvessa's attack. x2
You hit Duvessa.
Duvessa is heavily wounded.
Duvessa hits you with a +0 short sword.
Duvessa says, "Practise, practise, practise!
One day you'll be as good as me." Duvessa hits you with a +0 short sword!
* * * LOW HITPOINT WARNING * * *
You closely miss Duvessa.
Duvessa is heavily wounded.
You block Duvessa's attack. Duvessa misses you.
You hit Duvessa.
Duvessa is heavily wounded.
Duvessa closely misses you. Duvessa hits you with a +0 short sword.
* * * LOW HITPOINT WARNING * * *
You slash Duvessa!
Duvessa is severely wounded.
Duvessa hits you with a +0 short sword.
* * * LOW HITPOINT WARNING * * *
Duvessa closely misses you.
Sorry, you're not good enough to have a special ability.
You feel very mighty all of a sudden. Duvessa hits you with a +0 short sword!
You die...

#.# #.#
#.# #.#
#.# #e#
#e# #@#
#.# #.#
#.# #.#
#.#
#######
#.#
#.....#
#.#
#.###.#
#.#


You could see Duvessa (fast) and Dowan.

Vanquished Creatures
  A sleepcap (D:3)
  4 gnolls (D:2)
  A worm (D:2)
  A dart slug (D:2)
  4 orcs (D:3)
  5 endoplasms
  4 giant cockroaches
  5 goblins
  7 hobgoblins
  5 kobolds
  6 quokkas
  5 ball pythons
  4 bats
  3 frilled lizards (D:1)
  8 rats
63 creatures vanquished.

Notes
Turn   | Place    | Note
-------+----------+-------------------------------------------
     0 | D:1      | BritishOli the Demonspawn Fighter began the quest for the
                  | Orb.
     0 | D:1      | Reached XP level 1. HP: 18/18 MP: 1/1
   190 | D:1      | Gained mutation: You regenerate a little health from kills.
                  | [demonic ancestry]
   190 | D:1      | Reached XP level 2. HP: 23/24 MP: 2/2
   843 | D:2      | Gained mutation: You regenerate magic rapidly. [demonic
                  | ancestry]
   843 | D:2      | Reached XP level 3. HP: 29/29 MP: 3/3
  1097 | D:2      | Reached XP level 4. HP: 24/35 MP: 4/4
  1729 | D:3      | Identified the +8 dagger of Severance {venom, Fragile rC++
                  | rCorr SInv}
  1738 | D:3      | Upgraded the game from 0.30-a0-1050-g2766ea1e55 to
                  | 0.31-a0-222-gefeffbb62a
  1930 | D:3      | Reached XP level 5. HP: 38/42 MP: 5/5
  2310 | D:4      | Noticed Dowan
  2310 | D:4      | Noticed Duvessa
  2333 | D:4      | Slain by Duvessa

Illustrated notes

Levels and vault maps discovered:
D:1:      spicycebolla_arrival_risky_transporter, layout_basic
D:2:      layout_rooms
D:3:      layout_basic
D:4:      layout_basic, uniq_duvessa

Skill      XL: |  1  2 |
---------------+-------+-----
Axes           | 2 |  2.8
Armour         | 3 |  3.4
Shields        | 3 |  3.4
Fighting       | |  3.8

Action                     |  1- 3 |  4- 6 || total
---------------------------+-------+-------++-------
  Melee: War axe           |   159 |    72 ||   231
    Use: Potion            |       |     1 ||     1
 Armour: Scale mail        |    62 |    16 ||    78
  Dodge: Dodged            |   126 |    42 ||   168
  Block: Buckler           |    37 |    21 ||    58

Table legend: (Time is in decaauts)
 A = Elapsed time spent in this place.
 B = Non-inter-level travel time spent in this place.
 C = Inter-level travel time spent in this place.
 D = Time resting spent in this place.
 E = Time spent auto-exploring this place.
 F = Levels seen in this place.
 G = Mean time per level.
                   A        B        C        D        E       F      G
               +--------+--------+--------+--------+--------+-----+--------+
         Total |   2429 |   2340 |     89 |      0 |   1821 |   4 |  607.2 |
       Dungeon |   2429 |   2340 |     89 |      0 |   1821 |   4 |  607.2 |
               +--------+--------+--------+--------+--------+-----+--------+

Top non-repeatable levels by time:
     D:1: 804 daAuts
     D:3: 794 daAuts
     D:2: 770 daAuts
     D:4: 61 daAuts
